[ AOE2 MATCH · #495437836 ]
UnrankedMalians vs Bohemians
[ REPLAY ANALYSIS · EXTRACTED FROM THE RECORDED GAME ]
Feudal
12:12
Castle
17:35
Imperial
35:40
| APM avg | 17.9 |
| APM peak | 70 |
| eAPM avg | 13.3 |
| Villagers / military | 119 / 539 |
Focus
⚔️ 37.2% · 🌾 62.8%
Gbeto ×360 · Scout Cavalry ×169 · Trade Cart ×23 · Cavalry Archer ×3 · Trebuchet (Packed) ×3 · Spearman ×2
Feudal
12:53
Castle
18:12
Imperial
31:30
| APM avg | 18.1 |
| APM peak | 53 |
| eAPM avg | 11.6 |
| Villagers / military | 108 / 96 |
Focus
⚔️ 31.0% · 🌾 69.0%
Spearman ×46 · Hand Cannoneer ×20 · Hussite Wagon ×16 · Bombard Cannon ×10 · Fishing Ship ×8 · Trade Cart ×7
Feudal
13:36
Castle
17:43
Imperial
41:43
| APM avg | 11.5 |
| APM peak | 41 |
| eAPM avg | 8.3 |
| Villagers / military | 100 / 198 |
Focus
⚔️ 28.2% · 🌾 71.8%
Huskarl ×153 · Knight ×37 · Trade Cart ×15 · Fishing Ship ×7 · Battering Ram ×4 · Trebuchet (Packed) ×4
Feudal
13:29
Castle
20:08
Imperial
35:12
| APM avg | 12.2 |
| APM peak | 48 |
| eAPM avg | 9.7 |
| Villagers / military | 163 / 294 |
Focus
⚔️ 28.6% · 🌾 71.4%
Scout Cavalry ×288 · Trade Cart ×9 · Ballista Elephant ×5 · Trebuchet (Packed) ×1
Feudal
17:06
Castle
24:00
Imperial
43:17
| APM avg | 13.3 |
| APM peak | 41 |
| eAPM avg | 9.9 |
| Villagers / military | 81 / 190 |
Focus
⚔️ 28.7% · 🌾 71.3%
Skirmisher ×113 · Mameluke ×50 · Scout Cavalry ×25 · Fishing Ship ×4 · Monk ×2
Feudal
12:03
Castle
21:41
Imperial
36:50
| APM avg | 17.6 |
| APM peak | 44 |
| eAPM avg | 11.5 |
| Villagers / military | 94 / 91 |
Focus
⚔️ 38.8% · 🌾 61.2%
Longbowman ×82 · Fishing Ship ×17 · Trade Cart ×12 · Trebuchet (Packed) ×6 · Monk ×1 · Petard ×1
Feudal
17:11
Castle
21:09
Imperial
35:09
| APM avg | 7.6 |
| APM peak | 22 |
| eAPM avg | 6.4 |
| Villagers / military | 91 / 274 |
Focus
⚔️ 38.4% · 🌾 61.6%
Skirmisher ×80 · Archer ×77 · Shotel Warrior ×54 · Spearman ×40 · Trade Cart ×13 · Fishing Ship ×10
Feudal
13:00
Castle
20:31
Imperial
32:37
| APM avg | 17.2 |
| APM peak | 38 |
| eAPM avg | 12.7 |
| Villagers / military | 114 / 203 |
Focus
⚔️ 29.1% · 🌾 70.9%
Spearman ×65 · Bombard Cannon ×64 · Hand Cannoneer ×55 · Fishing Ship ×17 · Trade Cart ×10 · Hussite Wagon ×10
Match map
Initial resources + every placement click. Lines = walls · curves = elevation contours. ◆ gold · ⬟ stone · ● berries · ✦ relic · ◌ wall gap
Your base· ✓ Closed at 17:35 · 11t walls · fragile
retroesam's base· ✓ Closed at 18:12 · 8t walls · fragile
tatomagallanes's base· ✓ Closed at 17:43 · 11t walls · fragile
★秧★FISHY's base· Open — opponent sealed themselves in
MENTOR VI's base· ✓ Closed at 24:00 · 76t walls · 1 gate(s)
vitavidal91's base· ✓ Closed at 21:41 · 13t walls · no gate
A Delicious Pot Roast's base· ✓ Closed at 21:09 · 0t walls · no gate
GuilleLeopold17's base· ✓ Closed at 20:31 · 45t walls · no gate
Smoothed initial terrain · ◌ = detected wall gap · hover for details
Inputs per minute
— felipegarcia92 - - retroesam
Build order — felipegarcia92
First 150 of 482 actions detected
| 0:03 | Create | Villager (Male) |
| 0:03 | Create | Villager (Male) |
| 0:04 | Create | Villager (Male) |
| 0:04 | Create | Villager (Male) |
| 0:05 | Create | Villager (Male) |
| 0:05 | Create | Villager (Male) |
| 0:05 | Create | Villager (Male) |
| 0:08 | Build | House |
| 0:12 | Build | House |
| 1:37 | Create | Villager (Male) |
| 2:14 | Create | Villager (Male) |
| 2:14 | Create | Villager (Male) |
| 2:33 | Create | Villager (Male) |
| 2:34 | Create | Villager (Male) |
| 3:03 | Create | Villager (Male) |
| 3:03 | Create | Villager (Male) |
| 3:22 | Create | Villager (Male) |
| 3:34 | Build | House |
| 3:36 | Build | Mill |
| 3:51 | Create | Villager (Male) |
| 3:51 | Create | Villager (Male) |
| 4:33 | Create | Villager (Male) |
| 4:52 | Research | Loom |
| 5:24 | Create | Villager (Male) |
| 5:43 | Create | Villager (Male) |
| 5:44 | Create | Villager (Male) |
| 6:24 | Create | Villager (Male) |
| 6:24 | Create | Villager (Male) |
| 6:52 | Create | Villager (Male) |
| 6:52 | Create | Villager (Male) |
| 6:52 | Create | Villager (Male) |
| 6:53 | Create | Villager (Male) |
| 6:53 | Create | Villager (Male) |
| 7:12 | Build | Lumber Camp |
| 7:27 | Build | House |
| 7:47 | Create | Villager (Male) |
| 7:47 | Create | Villager (Male) |
| 8:13 | Build | Mill |
| 8:30 | Create | Villager (Male) |
| 8:46 | Build | Mining Camp |
| 9:33 | Build | Mining Camp |
| 10:02 | Research | Feudal Age |
| 10:03 | Research | Feudal Age |
| 10:28 | Build | Barracks |
| 10:29 | Build | House |
| 11:53 | Create | Villager (Male) |
| 11:53 | Create | Villager (Male) |
| 12:12 | Age | Feudal Age |
| 12:32 | Build | Stable |
| 12:37 | Build | House |
| 12:46 | Build | Blacksmith |
| 12:58 | Create | Villager (Male) |
| 13:05 | Build | Farm |
| 13:18 | Create | Villager (Male) |
| 13:28 | Build | Farm |
| 13:28 | Build | Farm |
| 13:29 | Build | Farm |
| 13:31 | Build | Farm |
| 13:32 | Build | Farm |
| 13:45 | Create | Villager (Male) |
| 14:05 | Create | Villager (Male) |
| 14:09 | Build | House |
| 14:45 | Build | Farm |
| 14:55 | Research | Castle Age |
| 15:10 | Research | Double-Bit Axe |
| 15:22 | Build | Farm |
| 15:22 | Build | Farm |
| 15:22 | Build | Farm |
| 15:41 | Build | Farm |
| 15:54 | Build | Stone Wall |
| 15:56 | Build | Stone Wall |
| 16:21 | Build | Farm |
| 16:21 | Build | Farm |
| 16:26 | Create | Villager (Male) |
| 16:26 | Create | Villager (Male) |
| 17:06 | Create | Villager (Male) |
| 17:35 | Age | Castle Age |
| 17:38 | Research | Bow Saw |
| 17:42 | Research | Horse Collar |
| 18:08 | Build | Town Center |
| 18:36 | Build | Barracks |
| 18:41 | Create | Scout Cavalry |
| 18:42 | Create | Scout Cavalry |
| 18:42 | Create | Scout Cavalry |
| 18:47 | Research | Husbandry |
| 18:55 | Create | Villager (Male) |
| 18:55 | Create | Villager (Male) |
| 18:56 | Create | Villager (Male) |
| 19:01 | Create | Villager (Male) |
| 19:26 | Build | Town Center |
| 19:54 | Build | Archery Range |
| 19:58 | Research | Squires |
| 20:07 | Create | Villager (Male) |
| 20:07 | Create | Villager (Male) |
| 20:09 | Create | Villager (Male) |
| 20:21 | Create | Villager (Male) |
| 20:35 | Build | Farm |
| 20:55 | Build | House |
| 20:56 | Build | House |
| 20:58 | Create | Skirmisher |
| 21:02 | Create | Archer |
| 21:04 | Create | Cavalry Archer |
| 21:08 | Research | Pikeman (upgrade) |
| 21:08 | Create | Spearman |
| 21:09 | Create | Spearman |
| 21:13 | Build | Farm |
| 21:22 | Create | Villager (Male) |
| 21:31 | Create | Villager (Male) |
| 21:43 | Create | Villager (Male) |
| 21:52 | Build | Farm |
| 21:55 | Create | Villager (Male) |
| 22:00 | Build | Farm |
| 22:08 | Research | Gold Mining |
| 22:39 | Create | Cavalry Archer |
| 22:39 | Create | Cavalry Archer |
| 22:58 | Build | Farm |
| 22:59 | Create | Villager (Male) |
| 22:59 | Create | Villager (Male) |
| 23:00 | Create | Villager (Male) |
| 23:04 | Build | Farm |
| 23:06 | Create | Villager (Male) |
| 23:25 | Build | Castle |
| 23:27 | Create | Villager (Male) |
| 23:29 | Create | Villager (Male) |
| 23:33 | Create | Villager (Male) |
| 23:39 | Build | Farm |
| 23:43 | Build | House |
| 23:44 | Build | House |
| 23:44 | Build | House |
| 23:50 | Build | House |
| 23:51 | Build | House |
| 23:51 | Build | House |
| 23:51 | Build | House |
| 24:02 | Build | Farm |
| 24:12 | Create | Villager (Male) |
| 24:12 | Create | Villager (Male) |
| 24:28 | Create | Villager (Male) |
| 24:29 | Create | Villager (Male) |
| 24:32 | Create | Villager (Male) |
| 24:32 | Create | Villager (Male) |
| 24:55 | Create | Villager (Male) |
| 24:56 | Create | Villager (Male) |
| 25:10 | Build | Farm |
| 25:13 | Research | Heavy Plow |
| 25:21 | Build | Lumber Camp |
| 25:26 | Build | Farm |
| 25:31 | Build | Farm |
| 25:41 | Create | Villager (Male) |
| 25:42 | Create | Villager (Male) |
| 25:42 | Create | Villager (Male) |
Build order — retroesam
First 150 of 337 actions detected
| 0:02 | Create | Villager (Male) |
| 0:02 | Create | Villager (Male) |
| 0:03 | Create | Villager (Male) |
| 0:03 | Create | Villager (Male) |
| 0:05 | Build | House |
| 0:07 | Build | House |
| 1:11 | Research | Loom |
| 1:22 | Create | Villager (Male) |
| 1:30 | Create | Villager (Male) |
| 1:30 | Create | Villager (Male) |
| 2:26 | Create | Villager (Male) |
| 3:23 | Create | Villager (Male) |
| 3:24 | Create | Villager (Male) |
| 3:45 | Create | Villager (Male) |
| 3:55 | Build | House |
| 4:35 | Create | Villager (Male) |
| 4:36 | Create | Villager (Male) |
| 4:45 | Build | Lumber Camp |
| 4:48 | Create | Villager (Male) |
| 4:49 | Create | Villager (Male) |
| 5:12 | Create | Villager (Male) |
| 5:30 | Build | Palisade Wall |
| 5:35 | Create | Villager (Male) |
| 5:35 | Create | Villager (Male) |
| 5:52 | Create | Villager (Male) |
| 6:43 | Build | House |
| 7:29 | Create | Villager (Male) |
| 7:38 | Create | Villager (Male) |
| 8:07 | Build | Mining Camp |
| 8:11 | Create | Villager (Male) |
| 8:22 | Build | House |
| 8:28 | Build | House |
| 8:34 | Create | Villager (Male) |
| 9:02 | Create | Villager (Male) |
| 10:32 | Build | Barracks |
| 10:43 | Research | Feudal Age |
| 11:46 | Build | Mill |
| 12:19 | Build | Dock |
| 12:39 | Build | Outpost |
| 12:53 | Age | Feudal Age |
| 13:12 | Create | Fishing Ship |
| 13:12 | Create | Fishing Ship |
| 13:23 | Build | House |
| 13:29 | Build | Blacksmith |
| 13:37 | Create | Villager (Male) |
| 13:49 | Create | Villager (Male) |
| 14:13 | Create | Villager (Male) |
| 14:42 | Build | Market |
| 15:02 | Build | Mining Camp |
| 15:32 | Research | Castle Age |
| 15:45 | Build | Farm |
| 15:46 | Build | Farm |
| 15:46 | Build | Farm |
| 15:46 | Build | Farm |
| 15:47 | Build | Farm |
| 16:06 | Build | Farm |
| 16:54 | Build | Farm |
| 16:55 | Research | Horse Collar |
| 16:59 | Research | Double-Bit Axe |
| 17:05 | Build | Farm |
| 18:12 | Age | Castle Age |
| 18:19 | Build | Castle |
| 18:23 | Research | Fletching |
| 18:23 | Research | Padded Archer Armor |
| 18:44 | Build | Town Center |
| 18:57 | Create | Villager (Male) |
| 18:59 | Create | Villager (Male) |
| 19:29 | Create | Hussite Wagon |
| 19:30 | Create | Hussite Wagon |
| 20:20 | Create | Hussite Wagon |
| 20:23 | Create | Villager (Male) |
| 20:31 | Create | Fishing Ship |
| 20:32 | Create | Fishing Ship |
| 21:09 | Create | Villager (Male) |
| 21:18 | Build | Stable |
| 21:39 | Create | Hussite Wagon |
| 21:42 | Create | Villager (Male) |
| 21:45 | Build | Farm |
| 21:50 | Create | Villager (Male) |
| 21:51 | Create | Villager (Male) |
| 21:58 | Create | Villager (Male) |
| 22:14 | Create | Villager (Male) |
| 23:07 | Create | Villager (Male) |
| 23:08 | Create | Villager (Male) |
| 23:08 | Create | Villager (Male) |
| 23:16 | Build | Town Center |
| 23:20 | Create | Villager (Male) |
| 23:21 | Create | Villager (Male) |
| 23:30 | Create | Hussite Wagon |
| 24:15 | Create | Villager (Male) |
| 24:24 | Create | Demolition Raft |
| 24:28 | Create | Fishing Ship |
| 24:28 | Create | Fishing Ship |
| 25:16 | Create | Villager (Male) |
| 25:50 | Create | Villager (Male) |
| 25:50 | Create | Villager (Male) |
| 25:50 | Create | Villager (Male) |
| 25:54 | Build | Farm |
| 25:55 | Build | Farm |
| 25:55 | Build | Farm |
| 25:55 | Build | Farm |
| 25:56 | Build | Farm |
| 25:56 | Build | Farm |
| 25:56 | Build | Farm |
| 25:56 | Build | Farm |
| 26:05 | Build | Fish Trap |
| 26:08 | Build | Fish Trap |
| 26:16 | Create | Villager (Male) |
| 26:16 | Create | Villager (Male) |
| 26:17 | Create | Villager (Male) |
| 26:38 | Build | Stone Wall |
| 27:26 | Build | Palisade Gate |
| 27:32 | Build | Fish Trap |
| 27:35 | Build | Fish Trap |
| 27:38 | Build | Fish Trap |
| 27:38 | Create | Villager (Male) |
| 27:41 | Create | Villager (Male) |
| 27:42 | Create | Villager (Male) |
| 28:20 | Research | Imperial Age |
| 28:28 | Create | Villager (Male) |
| 28:29 | Create | Villager (Male) |
| 28:29 | Create | Villager (Male) |
| 28:35 | Create | Fishing Ship |
| 28:36 | Create | Fishing Ship |
| 29:11 | Build | University |
| 29:19 | Build | Lumber Camp |
| 29:21 | Research | Town Watch |
| 29:32 | Build | Stone Wall |
| 29:36 | Build | Gate |
| 29:38 | Research | Bodkin Arrow |
| 29:39 | Research | Leather Archer Armor |
| 29:50 | Build | Farm |
| 29:51 | Create | Villager (Male) |
| 29:52 | Create | Villager (Male) |
| 30:07 | Build | Monastery |
| 30:57 | Create | Monk |
| 31:04 | Build | Farm |
| 31:18 | Build | Siege Workshop |
| 31:25 | Build | Stone Wall |
| 31:30 | Age | Imperial Age |
| 31:35 | Build | Gate |
| 31:38 | Research | Chemistry |
| 31:42 | Create | Mangonel |
| 31:52 | Create | Villager (Male) |
| 32:06 | Create | Villager (Male) |
| 32:07 | Create | Villager (Male) |
| 32:07 | Create | Villager (Male) |
| 32:07 | Create | Villager (Male) |
| 32:08 | Create | Villager (Male) |
| 32:14 | Build | Fish Trap |
Build order — tatomagallanes
First 150 of 346 actions detected
| 0:02 | Create | Villager (Male) |
| 0:03 | Create | Villager (Male) |
| 0:03 | Create | Villager (Male) |
| 0:03 | Create | Villager (Male) |
| 0:03 | Create | Villager (Male) |
| 0:09 | Build | House |
| 0:14 | Build | House |
| 1:28 | Create | Villager (Male) |
| 1:47 | Research | Loom |
| 2:23 | Create | Villager (Male) |
| 2:50 | Create | Villager (Male) |
| 3:42 | Build | Palisade Wall |
| 4:30 | Create | Villager (Male) |
| 4:30 | Create | Villager (Male) |
| 5:05 | Build | Mill |
| 5:11 | Create | Villager (Male) |
| 5:33 | Create | Villager (Male) |
| 5:39 | Build | House |
| 5:54 | Create | Villager (Male) |
| 6:32 | Build | Lumber Camp |
| 6:47 | Create | Villager (Male) |
| 6:48 | Create | Villager (Male) |
| 7:20 | Build | House |
| 7:21 | Build | House |
| 7:41 | Create | Villager (Male) |
| 7:41 | Create | Villager (Male) |
| 8:06 | Create | Villager (Male) |
| 8:30 | Create | Villager (Male) |
| 8:40 | Build | Mill |
| 8:44 | Create | Villager (Male) |
| 9:24 | Build | Farm |
| 9:28 | Build | Farm |
| 9:31 | Create | Villager (Male) |
| 9:49 | Build | Farm |
| 10:11 | Create | Villager (Male) |
| 10:11 | Create | Villager (Male) |
| 10:18 | Build | Farm |
| 10:47 | Build | Mining Camp |
| 10:57 | Create | Villager (Male) |
| 11:00 | Research | Feudal Age |
| 13:14 | Create | Villager (Male) |
| 13:15 | Create | Villager (Male) |
| 13:15 | Create | Villager (Male) |
| 13:33 | Build | Barracks |
| 13:36 | Age | Feudal Age |
| 13:51 | Build | Blacksmith |
| 14:21 | Build | Stable |
| 14:36 | Research | Double-Bit Axe |
| 15:03 | Research | Castle Age |
| 15:57 | Build | Dock |
| 16:09 | Build | Mining Camp |
| 16:13 | Research | Stone Mining |
| 16:16 | Research | Horse Collar |
| 17:08 | Build | Farm |
| 17:09 | Build | Farm |
| 17:11 | Build | Farm |
| 17:16 | Build | House |
| 17:17 | Build | House |
| 17:17 | Build | House |
| 17:17 | Build | House |
| 17:19 | Build | House |
| 17:20 | Build | House |
| 17:34 | Create | Fishing Ship |
| 17:43 | Age | Castle Age |
| 17:52 | Create | Villager (Male) |
| 17:52 | Create | Villager (Male) |
| 18:22 | Build | Town Center |
| 18:57 | Create | Knight |
| 18:57 | Create | Knight |
| 18:57 | Create | Knight |
| 19:07 | Create | Villager (Male) |
| 19:08 | Create | Villager (Male) |
| 19:48 | Build | Farm |
| 19:50 | Create | Villager (Male) |
| 19:50 | Create | Villager (Male) |
| 19:54 | Create | Villager (Male) |
| 20:04 | Build | House |
| 20:04 | Build | House |
| 20:07 | Build | House |
| 20:08 | Build | House |
| 20:20 | Build | Farm |
| 20:27 | Create | Villager (Male) |
| 20:48 | Create | Knight |
| 20:48 | Create | Knight |
| 21:08 | Create | Villager (Male) |
| 21:08 | Create | Villager (Male) |
| 21:20 | Build | Farm |
| 21:21 | Build | Farm |
| 21:21 | Build | Farm |
| 21:21 | Build | Farm |
| 21:23 | Build | Farm |
| 21:31 | Create | Knight |
| 21:39 | Build | Farm |
| 21:41 | Create | Villager (Male) |
| 22:43 | Build | Mining Camp |
| 22:49 | Research | Scale Barding Armor |
| 23:09 | Create | Knight |
| 23:09 | Create | Knight |
| 23:20 | Build | Farm |
| 23:22 | Create | Villager (Male) |
| 23:22 | Create | Villager (Male) |
| 23:25 | Create | Villager (Male) |
| 23:26 | Create | Villager (Male) |
| 23:33 | Build | Farm |
| 23:34 | Build | Farm |
| 23:35 | Build | Farm |
| 23:41 | Create | Villager (Male) |
| 24:10 | Create | Knight |
| 24:11 | Create | Knight |
| 24:33 | Build | Farm |
| 24:35 | Build | Farm |
| 24:39 | Create | Villager (Male) |
| 24:39 | Create | Villager (Male) |
| 25:42 | Create | Knight |
| 25:42 | Create | Knight |
| 25:42 | Create | Knight |
| 25:53 | Build | Stable |
| 26:01 | Build | Farm |
| 26:02 | Build | Farm |
| 26:04 | Research | Chain Barding Armor |
| 26:06 | Research | Heavy Plow |
| 26:09 | Create | Villager (Male) |
| 26:09 | Create | Villager (Male) |
| 26:09 | Create | Villager (Male) |
| 26:17 | Create | Fishing Ship |
| 26:17 | Create | Fishing Ship |
| 26:27 | Build | Farm |
| 26:29 | Create | Villager (Male) |
| 26:29 | Create | Villager (Male) |
| 26:33 | Create | Villager (Male) |
| 27:05 | Create | Knight |
| 27:13 | Build | Farm |
| 27:24 | Build | Town Center |
| 27:27 | Create | Villager (Male) |
| 27:27 | Create | Villager (Male) |
| 27:30 | Create | Villager (Male) |
| 27:30 | Create | Villager (Male) |
| 27:43 | Build | Farm |
| 27:55 | Create | Knight |
| 27:55 | Create | Knight |
| 28:07 | Create | Villager (Male) |
| 28:07 | Create | Villager (Male) |
| 28:12 | Research | Gold Mining |
| 28:20 | Research | Bow Saw |
| 28:28 | Build | Siege Workshop |
| 28:57 | Build | Farm |
| 29:00 | Build | Farm |
| 29:03 | Create | Villager (Male) |
| 29:03 | Create | Villager (Male) |
| 29:17 | Create | Battering Ram |
Build order — ★秧★FISHY
First 150 of 378 actions detected
| 0:27 | Build | House |
| 0:33 | Research | Loom |
| 0:33 | Create | Villager (Male) ×4 |
| 0:54 | Build | House |
| 0:55 | Build | House |
| 0:57 | Build | House |
| 1:10 | Build | Lumber Camp |
| 2:24 | Create | Villager (Male) |
| 2:24 | Create | Villager (Male) |
| 3:00 | Create | Villager (Male) |
| 3:19 | Create | Villager (Male) |
| 3:20 | Create | Villager (Male) |
| 3:50 | Create | Villager (Male) |
| 3:50 | Create | Villager (Male) |
| 4:25 | Create | Villager (Male) |
| 4:25 | Create | Villager (Male) |
| 4:25 | Create | Villager (Male) |
| 5:15 | Create | Villager (Male) |
| 5:34 | Create | Villager (Male) |
| 5:34 | Create | Villager (Male) |
| 5:34 | Create | Villager (Male) |
| 5:55 | Build | Mill |
| 5:59 | Create | Villager (Male) |
| 5:59 | Create | Villager (Male) |
| 6:48 | Create | Villager (Male) |
| 6:48 | Create | Villager (Male) |
| 7:19 | Build | Mining Camp |
| 7:24 | Create | Villager (Male) ×2 |
| 7:43 | Create | Villager (Male) |
| 7:43 | Create | Villager (Male) |
| 7:43 | Create | Villager (Male) |
| 8:47 | Create | Villager (Male) |
| 8:47 | Create | Villager (Male) |
| 8:47 | Create | Villager (Male) |
| 9:32 | Build | Mining Camp |
| 11:19 | Research | Feudal Age |
| 12:04 | Build | Mill |
| 13:29 | Age | Feudal Age |
| 14:15 | Research | Wheelbarrow |
| 14:17 | Research | Horse Collar |
| 14:20 | Research | Double-Bit Axe |
| 15:26 | Build | Farm |
| 15:28 | Build | Farm |
| 15:30 | Build | Farm |
| 15:32 | Build | Farm |
| 15:34 | Build | Farm |
| 15:53 | Build | Farm |
| 15:55 | Build | Farm |
| 15:56 | Build | Farm |
| 16:05 | Build | Lumber Camp |
| 16:18 | Build | Farm |
| 17:28 | Research | Castle Age |
| 18:36 | Build | House |
| 18:38 | Build | House |
| 18:39 | Build | House |
| 18:40 | Build | House |
| 18:42 | Build | House |
| 18:43 | Build | House |
| 19:46 | Build | Market |
| 20:08 | Age | Castle Age |
| 20:12 | Research | Hand Cart |
| 20:27 | Build | Town Center |
| 20:37 | Create | Villager (Male) |
| 20:37 | Create | Villager (Male) |
| 20:37 | Create | Villager (Male) |
| 20:37 | Create | Villager (Male) |
| 20:38 | Create | Villager (Male) |
| 20:38 | Create | Villager (Male) |
| 22:12 | Create | Villager (Male) |
| 22:13 | Create | Villager (Male) |
| 22:13 | Create | Villager (Male) |
| 22:13 | Create | Villager (Male) |
| 22:13 | Create | Villager (Male) |
| 22:14 | Create | Villager (Male) |
| 22:31 | Build | Town Center |
| 23:30 | Create | Villager (Male) ×5 |
| 23:48 | Research | Heavy Plow |
| 24:01 | Build | Farm |
| 24:02 | Build | Farm |
| 24:02 | Build | Farm |
| 24:02 | Build | Farm |
| 24:02 | Build | Farm |
| 24:03 | Build | Farm |
| 24:03 | Build | Farm |
| 24:03 | Build | Farm |
| 24:03 | Build | Farm |
| 24:04 | Build | Farm |
| 24:04 | Build | Farm |
| 24:04 | Build | Farm |
| 24:04 | Build | Farm |
| 24:38 | Build | House |
| 24:41 | Build | House |
| 24:42 | Build | House |
| 24:50 | Create | Villager (Male) ×3 |
| 24:50 | Create | Villager (Male) ×3 |
| 24:50 | Create | Villager (Male) ×3 |
| 25:01 | Create | Villager (Male) |
| 25:02 | Create | Villager (Male) |
| 25:16 | Build | House |
| 25:17 | Build | House |
| 25:19 | Build | House |
| 25:20 | Build | House |
| 25:31 | Create | Villager (Male) ×3 |
| 25:31 | Create | Villager (Male) ×3 |
| 25:57 | Build | Farm |
| 25:57 | Build | Farm |
| 25:57 | Build | Farm |
| 25:58 | Build | Farm |
| 25:58 | Build | Farm |
| 25:58 | Build | Farm |
| 25:59 | Build | Farm |
| 25:59 | Build | Farm |
| 25:59 | Build | Farm |
| 26:03 | Create | Villager (Male) ×4 |
| 26:04 | Create | Villager (Male) ×4 |
| 26:16 | Build | Farm |
| 26:16 | Build | Farm |
| 26:17 | Build | Farm |
| 26:17 | Build | Farm |
| 26:17 | Build | Farm |
| 26:17 | Build | Farm |
| 26:18 | Build | Farm |
| 26:18 | Build | Farm |
| 26:18 | Build | Farm |
| 26:18 | Build | Farm |
| 26:19 | Build | Farm |
| 26:29 | Create | Villager (Male) ×3 |
| 26:35 | Create | Villager (Male) |
| 26:38 | Create | Villager (Male) |
| 26:47 | Build | Farm |
| 26:56 | Build | House |
| 26:57 | Build | House |
| 27:04 | Create | Villager (Male) ×4 |
| 27:04 | Create | Villager (Male) ×4 |
| 27:30 | Create | Villager (Male) ×4 |
| 27:30 | Create | Villager (Male) ×5 |
| 27:31 | Create | Villager (Male) |
| 27:45 | Create | Trade Cart ×5 |
| 27:52 | Create | Villager (Male) ×4 |
| 27:52 | Create | Villager (Male) ×4 |
| 28:14 | Build | Town Center |
| 28:35 | Build | House |
| 28:36 | Build | House |
| 28:37 | Build | House |
| 28:39 | Build | House |
| 28:52 | Create | Villager (Male) ×5 |
| 28:53 | Create | Villager (Male) ×5 |
| 28:53 | Create | Villager (Male) ×5 |
| 29:03 | Build | Farm |
| 29:14 | Build | House |
Build order — MENTOR VI
First 150 of 258 actions detected
| 0:02 | Research | Loom |
| 0:07 | Build | House |
| 0:10 | Create | Villager (Male) ×4 |
| 0:43 | Build | Palisade Wall |
| 0:53 | Build | Palisade Wall |
| 2:14 | Build | Palisade Wall |
| 2:29 | Create | Villager (Male) |
| 2:53 | Build | Palisade Wall |
| 3:12 | Create | Villager (Male) |
| 3:38 | Create | Villager (Male) |
| 3:51 | Build | House |
| 5:36 | Build | Lumber Camp |
| 6:02 | Create | Villager (Male) ×4 |
| 6:18 | Create | Villager (Male) |
| 6:44 | Create | Villager (Male) |
| 7:21 | Create | Villager (Male) |
| 7:33 | Build | House |
| 7:37 | Build | House |
| 7:41 | Create | Villager (Male) |
| 8:41 | Build | Mill |
| 9:10 | Create | Villager (Male) |
| 9:42 | Create | Villager (Male) |
| 10:13 | Build | Mill |
| 10:36 | Create | Villager (Male) ×5 |
| 10:36 | Create | Villager (Male) ×4 |
| 12:16 | Build | Mining Camp |
| 12:26 | Build | House |
| 12:36 | Build | House |
| 12:39 | Build | House |
| 13:17 | Research | Feudal Age |
| 13:38 | Build | Dock |
| 13:43 | Build | House |
| 14:12 | Build | Barracks |
| 14:18 | Create | Fishing Ship |
| 14:19 | Create | Fishing Ship |
| 14:26 | Create | Fishing Ship |
| 14:53 | Create | Fishing Ship |
| 15:20 | Build | Palisade Wall |
| 16:21 | Build | House |
| 17:06 | Age | Feudal Age |
| 17:09 | Research | Town Watch |
| 17:10 | Create | Villager (Male) |
| 17:21 | Build | Stone Wall |
| 17:25 | Build | Outpost |
| 17:44 | Build | Stone Wall |
| 18:07 | Build | Mill |
| 18:13 | Research | Wheelbarrow |
| 19:02 | Build | Outpost |
| 19:14 | Research | Double-Bit Axe |
| 19:35 | Build | Archery Range |
| 19:56 | Build | Stable |
| 20:04 | Build | Stone Wall |
| 20:09 | Build | Gate |
| 20:27 | Create | Villager (Male) |
| 20:28 | Create | Villager (Male) |
| 21:20 | Research | Castle Age |
| 21:34 | Build | Lumber Camp |
| 21:58 | Build | Blacksmith |
| 22:07 | Research | Gold Mining |
| 22:08 | Research | Stone Mining |
| 23:12 | Build | Mining Camp |
| 23:34 | Build | Fish Trap |
| 23:38 | Build | Fish Trap |
| 23:57 | Build | Fish Trap |
| 24:00 | Age | Castle Age |
| 24:09 | Build | Fish Trap |
| 24:27 | Research | Bow Saw |
| 25:19 | Build | Monastery |
| 25:35 | Research | Horse Collar |
| 25:57 | Build | Town Center |
| 26:01 | Create | Monk |
| 26:28 | Build | Market |
| 26:41 | Build | House |
| 26:45 | Build | House |
| 26:48 | Build | House |
| 26:52 | Build | House |
| 26:57 | Create | Monk |
| 27:20 | Create | Villager (Male) ×5 |
| 28:36 | Build | University |
| 28:41 | Build | House |
| 28:44 | Build | House |
| 28:55 | Build | Lumber Camp |
| 29:16 | Build | Town Center |
| 29:22 | Create | Villager (Male) ×4 |
| 30:02 | Research | Fortified Wall (upgrade) |
| 30:10 | Research | Masonry |
| 30:28 | Create | Villager (Male) |
| 30:37 | Research | Hand Cart |
| 31:12 | Build | Stone Wall |
| 31:29 | Build | Stone Wall |
| 31:36 | Build | Gate |
| 31:50 | Create | Villager (Male) ×5 |
| 31:51 | Create | Villager (Male) |
| 32:00 | Build | Farm |
| 32:03 | Build | Farm |
| 32:09 | Build | Farm |
| 32:12 | Build | Farm |
| 32:15 | Build | Farm |
| 32:19 | Build | Farm |
| 32:21 | Build | Farm |
| 32:24 | Build | Mill |
| 32:27 | Build | Farm |
| 32:29 | Build | Farm |
| 32:33 | Build | Farm |
| 32:37 | Build | Farm |
| 32:41 | Build | Farm |
| 33:18 | Build | Stone Wall |
| 33:39 | Research | Heavy Plow |
| 33:51 | Build | Farm |
| 33:57 | Build | Farm |
| 34:01 | Build | Mill |
| 34:16 | Create | Villager (Male) ×5 |
| 34:27 | Build | Stone Wall |
| 34:32 | Build | Gate |
| 35:08 | Build | House |
| 35:15 | Build | Lumber Camp |
| 35:30 | Build | Mining Camp |
| 35:47 | Build | Farm |
| 35:51 | Build | Farm |
| 35:54 | Build | Farm |
| 36:03 | Build | House |
| 36:07 | Build | House |
| 36:12 | Build | Blacksmith |
| 36:19 | Build | Stone Wall |
| 36:22 | Research | Forging |
| 36:23 | Research | Scale Barding Armor |
| 36:29 | Create | Villager (Male) ×5 |
| 36:47 | Research | Husbandry |
| 36:48 | Research | Bloodlines |
| 36:58 | Build | Castle |
| 37:08 | Create | Villager (Male) ×5 |
| 37:19 | Build | Farm |
| 37:30 | Create | Villager (Male) ×5 |
| 37:39 | Research | Iron Casting |
| 38:06 | Build | Palisade Wall |
| 38:18 | Build | Archery Range |
| 38:22 | Build | Stable |
| 38:28 | Build | Siege Workshop |
| 38:45 | Build | Farm |
| 38:50 | Build | Farm |
| 39:16 | Build | Castle |
| 40:07 | Research | Imperial Age |
| 40:15 | Create | Villager (Male) ×5 |
| 40:16 | Create | Villager (Male) ×2 |
| 40:25 | Build | Mining Camp |
| 40:39 | Build | House |
| 40:43 | Create | Mameluke ×4 |
| 40:44 | Create | Mameluke |
| 40:56 | Create | Mameluke ×5 |
| 40:57 | Create | Mameluke ×5 |
Build order — vitavidal91
First 150 of 448 actions detected
| 0:03 | Create | Villager (Male) |
| 0:03 | Create | Villager (Male) |
| 0:06 | Build | House |
| 0:10 | Build | House |
| 0:31 | Create | Villager (Male) |
| 0:50 | Create | Villager (Male) |
| 1:24 | Create | Villager (Male) |
| 2:18 | Create | Villager (Male) |
| 2:46 | Create | Villager (Male) |
| 3:02 | Create | Villager (Male) |
| 3:11 | Create | Villager (Male) |
| 3:34 | Create | Villager (Male) |
| 4:09 | Create | Villager (Male) |
| 4:47 | Build | House |
| 4:50 | Create | Villager (Male) |
| 5:16 | Build | Mill |
| 5:28 | Create | Villager (Male) |
| 6:02 | Create | Villager (Male) |
| 6:41 | Create | Villager (Male) |
| 6:41 | Create | Villager (Male) |
| 6:59 | Build | House |
| 7:27 | Create | Villager (Male) |
| 7:58 | Create | Villager (Male) |
| 8:34 | Create | Villager (Male) |
| 8:38 | Create | Villager (Male) |
| 9:09 | Build | Lumber Camp |
| 9:12 | Create | Villager (Male) |
| 9:26 | Create | Villager (Male) |
| 9:31 | Build | Lumber Camp |
| 9:53 | Research | Feudal Age |
| 10:34 | Build | House |
| 10:50 | Build | Dock |
| 11:39 | Create | Fishing Ship |
| 11:41 | Create | Fishing Ship |
| 12:03 | Age | Feudal Age |
| 12:03 | Create | Villager (Male) |
| 12:31 | Build | Mining Camp |
| 12:33 | Create | Fishing Ship |
| 12:43 | Create | Villager (Male) |
| 12:57 | Build | Mill |
| 13:01 | Create | Villager (Male) |
| 13:04 | Create | Fishing Ship |
| 13:15 | Build | House |
| 13:16 | Build | House |
| 13:17 | Build | House |
| 13:44 | Create | Villager (Male) |
| 14:24 | Build | Mill |
| 14:31 | Build | House |
| 14:31 | Build | House |
| 14:32 | Build | House |
| 14:33 | Create | Villager (Male) |
| 14:34 | Create | Villager (Male) |
| 14:37 | Build | Farm |
| 14:44 | Create | Fishing Ship |
| 14:44 | Create | Fishing Ship |
| 15:02 | Build | Farm |
| 15:31 | Create | Villager (Male) |
| 15:36 | Build | Farm |
| 15:39 | Create | Fishing Ship |
| 15:55 | Create | Villager (Male) |
| 16:08 | Create | Villager (Male) |
| 16:13 | Build | Fish Trap |
| 16:39 | Create | Fishing Ship |
| 16:42 | Build | Fish Trap |
| 16:45 | Build | Fish Trap |
| 16:47 | Build | Fish Trap |
| 16:54 | Build | Fish Trap |
| 17:01 | Build | Fish Trap |
| 17:06 | Build | Fish Trap |
| 17:09 | Create | Villager (Male) |
| 17:10 | Create | Villager (Male) |
| 17:37 | Create | Villager (Male) |
| 17:57 | Build | Blacksmith |
| 18:01 | Create | Villager (Male) |
| 18:21 | Build | Market |
| 18:23 | Create | Villager (Male) |
| 18:45 | Create | Fishing Ship |
| 19:00 | Research | Castle Age |
| 19:12 | Create | Fishing Ship |
| 19:48 | Build | Stone Wall |
| 20:00 | Build | Stone Wall |
| 20:10 | Build | Stone Wall |
| 20:16 | Build | Stone Wall |
| 20:19 | Create | Villager (Male) |
| 20:22 | Create | Fishing Ship |
| 20:27 | Build | Fish Trap |
| 20:32 | Build | Fish Trap |
| 20:43 | Build | Lumber Camp |
| 21:09 | Build | Lumber Camp |
| 21:28 | Create | Villager (Male) |
| 21:41 | Age | Castle Age |
| 22:01 | Build | Town Center |
| 22:04 | Build | Mining Camp |
| 22:07 | Create | Villager (Male) |
| 22:11 | Create | Villager (Male) |
| 22:11 | Create | Villager (Male) |
| 22:29 | Build | Fish Trap |
| 22:33 | Build | Fish Trap |
| 22:40 | Build | Fish Trap |
| 22:41 | Build | Fish Trap |
| 22:45 | Research | Tech 906 |
| 22:51 | Research | Double-Bit Axe |
| 22:52 | Research | Horse Collar |
| 22:55 | Research | Stone Mining |
| 22:57 | Create | Villager (Male) |
| 23:01 | Create | Villager (Male) |
| 23:02 | Create | Villager (Male) |
| 23:02 | Create | Villager (Male) |
| 23:07 | Create | Villager (Male) |
| 23:07 | Create | Villager (Male) |
| 23:08 | Create | Villager (Male) |
| 23:08 | Create | Villager (Male) |
| 23:08 | Create | Villager (Male) |
| 23:14 | Build | House |
| 23:16 | Build | House |
| 23:19 | Build | House |
| 23:22 | Build | House |
| 23:22 | Build | House |
| 23:23 | Build | House |
| 23:25 | Build | House |
| 23:27 | Build | House |
| 23:28 | Build | House |
| 23:43 | Create | Villager (Male) |
| 23:43 | Create | Villager (Male) |
| 24:51 | Create | Villager (Male) |
| 24:51 | Create | Villager (Male) |
| 24:52 | Create | Villager (Male) |
| 24:58 | Research | Tech 906 |
| 25:12 | Build | Stone Wall |
| 25:22 | Build | Monastery |
| 25:30 | Build | University |
| 25:45 | Create | Villager (Male) |
| 25:45 | Create | Villager (Male) |
| 25:45 | Create | Villager (Male) |
| 25:46 | Create | Villager (Male) |
| 25:46 | Create | Villager (Male) |
| 25:58 | Create | Demolition Raft |
| 26:01 | Create | Fishing Ship |
| 26:01 | Create | Fishing Ship |
| 26:04 | Create | Fishing Ship |
| 26:11 | Create | Monk |
| 26:22 | Build | Lumber Camp |
| 26:41 | Build | Stone Wall |
| 26:46 | Build | Fish Trap |
| 26:51 | Create | Villager (Male) |
| 26:51 | Create | Villager (Male) |
| 26:51 | Create | Villager (Male) |
| 27:02 | Research | Wheelbarrow |
| 27:26 | Build | Fish Trap |
| 27:54 | Build | Castle |
Build order — A Delicious Pot Roast
First 150 of 273 actions detected
| 0:22 | Build | House |
| 0:23 | Build | House |
| 0:25 | Build | House |
| 1:00 | Create | Villager (Male) ×4 |
| 2:26 | Create | Villager (Male) |
| 3:16 | Create | Villager (Male) |
| 3:58 | Create | Villager (Male) |
| 3:58 | Create | Villager (Male) |
| 4:03 | Create | Villager (Male) |
| 4:50 | Create | Villager (Male) |
| 5:14 | Create | Villager (Male) |
| 5:23 | Build | Mill |
| 5:52 | Create | Villager (Male) |
| 5:53 | Create | Villager (Male) |
| 6:14 | Create | Villager (Male) |
| 6:15 | Create | Villager (Male) |
| 7:14 | Build | Lumber Camp |
| 7:20 | Create | Villager (Male) |
| 7:20 | Create | Villager (Male) |
| 7:27 | Build | House |
| 7:29 | Build | House |
| 7:32 | Build | House |
| 7:57 | Create | Villager (Male) |
| 8:18 | Create | Villager (Male) |
| 9:40 | Create | Villager (Male) |
| 9:41 | Create | Villager (Male) |
| 10:34 | Build | Mining Camp |
| 10:39 | Create | Villager (Male) |
| 10:39 | Create | Villager (Male) |
| 10:39 | Create | Villager (Male) |
| 10:46 | Build | Dock |
| 11:14 | Build | Mill |
| 11:35 | Create | Villager (Male) |
| 12:19 | Create | Fishing Ship |
| 12:19 | Create | Fishing Ship |
| 12:20 | Create | Fishing Ship |
| 12:20 | Create | Fishing Ship |
| 12:20 | Create | Fishing Ship |
| 12:34 | Create | Villager (Male) ×5 |
| 13:07 | Build | House |
| 13:09 | Build | House |
| 13:10 | Build | House |
| 13:33 | Build | Mining Camp |
| 14:00 | Research | Feudal Age |
| 16:06 | Build | Farm |
| 16:07 | Build | Farm |
| 16:08 | Build | Farm |
| 16:10 | Build | Farm |
| 16:12 | Build | Farm |
| 16:13 | Build | Farm |
| 16:14 | Build | Farm |
| 17:11 | Age | Feudal Age |
| 17:16 | Build | Market |
| 17:33 | Build | Blacksmith |
| 17:48 | Research | Double-Bit Axe |
| 18:29 | Research | Castle Age |
| 19:04 | Build | Farm |
| 19:06 | Build | Farm |
| 19:07 | Build | Farm |
| 19:21 | Research | Wheelbarrow |
| 20:59 | Build | Fish Trap |
| 21:02 | Build | Fish Trap |
| 21:04 | Build | Fish Trap |
| 21:06 | Build | Fish Trap |
| 21:09 | Age | Castle Age |
| 21:09 | Build | Fish Trap |
| 21:20 | Build | Town Center |
| 21:36 | Build | Town Center |
| 22:07 | Build | Monastery |
| 22:33 | Create | Villager (Male) ×5 |
| 22:41 | Create | Villager (Male) ×5 |
| 22:49 | Create | Villager (Male) ×5 |
| 23:16 | Research | Tech 906 |
| 23:52 | Research | Hand Cart |
| 24:09 | Research | Padded Archer Armor |
| 24:22 | Build | Castle |
| 24:26 | Create | Monk |
| 24:26 | Create | Monk |
| 25:01 | Create | Villager (Male) ×5 |
| 25:11 | Create | Villager (Male) |
| 25:41 | Build | Barracks |
| 25:43 | Build | Barracks |
| 25:44 | Build | Barracks |
| 25:48 | Build | Barracks |
| 26:03 | Build | House |
| 26:04 | Build | House |
| 26:05 | Build | House |
| 26:06 | Build | House |
| 26:08 | Build | House |
| 26:09 | Build | House |
| 26:10 | Build | House |
| 26:11 | Build | House |
| 26:33 | Build | Farm |
| 26:34 | Build | Farm |
| 26:35 | Build | Farm |
| 26:37 | Build | Farm |
| 26:39 | Build | Farm |
| 26:45 | Create | Villager (Male) ×5 |
| 27:27 | Research | Leather Archer Armor |
| 27:53 | Build | Farm |
| 27:55 | Build | Farm |
| 27:56 | Build | Farm |
| 27:57 | Build | Farm |
| 27:58 | Build | Farm |
| 28:08 | Research | Horse Collar |
| 28:14 | Research | Gillnets |
| 28:36 | Build | Lumber Camp |
| 28:47 | Research | Gold Mining |
| 28:54 | Research | Bow Saw |
| 29:17 | Build | Archery Range |
| 29:18 | Build | Archery Range |
| 29:19 | Build | Archery Range |
| 29:20 | Build | Archery Range |
| 29:29 | Research | Fletching |
| 29:47 | Create | Trade Cart |
| 29:47 | Create | Trade Cart |
| 29:53 | Create | Villager (Male) ×5 |
| 30:09 | Create | Fishing Ship ×5 |
| 30:25 | Research | Arson |
| 30:30 | Research | Bodkin Arrow |
| 31:07 | Build | Siege Workshop |
| 31:11 | Build | Siege Workshop |
| 31:19 | Build | Siege Workshop |
| 31:52 | Research | Scale Mail Armor |
| 31:59 | Research | Imperial Age |
| 32:11 | Build | University |
| 32:23 | Build | House |
| 32:25 | Build | House |
| 32:26 | Build | House |
| 32:28 | Build | House |
| 32:29 | Build | House |
| 32:39 | Create | Villager (Male) ×5 |
| 32:49 | Research | Chain Mail Armor |
| 33:03 | Build | Fish Trap |
| 33:05 | Build | Fish Trap |
| 33:07 | Build | Fish Trap |
| 33:08 | Build | Fish Trap |
| 33:14 | Build | Fish Trap |
| 33:41 | Create | Trade Cart |
| 33:41 | Create | Trade Cart |
| 33:46 | Research | Crossbowman (upgrade) |
| 34:09 | Build | Fish Trap |
| 34:44 | Build | Siege Workshop |
| 34:46 | Build | Siege Workshop |
| 34:48 | Build | Siege Workshop |
| 34:49 | Build | Siege Workshop |
| 34:52 | Build | Siege Workshop |
| 34:57 | Create | Trade Cart |
| 34:57 | Create | Trade Cart |
| 35:03 | Research | Forging |
Build order — GuilleLeopold17
First 150 of 415 actions detected
| 0:02 | Create | Villager (Male) |
| 0:02 | Create | Villager (Male) |
| 0:02 | Create | Villager (Male) |
| 0:02 | Create | Villager (Male) |
| 0:04 | Build | House |
| 0:18 | Build | House |
| 0:53 | Research | Loom |
| 1:46 | Create | Villager (Male) |
| 1:46 | Create | Villager (Male) |
| 2:07 | Create | Villager (Male) |
| 2:08 | Create | Villager (Male) |
| 2:22 | Build | Palisade Wall |
| 2:49 | Create | Villager (Male) |
| 2:49 | Create | Villager (Male) |
| 2:56 | Build | Lumber Camp |
| 3:02 | Create | Villager (Male) |
| 3:02 | Create | Villager (Male) |
| 3:23 | Build | Palisade Wall |
| 3:46 | Create | Villager (Male) |
| 3:46 | Create | Villager (Male) |
| 3:47 | Create | Villager (Male) |
| 4:44 | Create | Villager (Male) |
| 4:44 | Create | Villager (Male) |
| 4:44 | Create | Villager (Male) |
| 4:51 | Build | House |
| 4:51 | Build | House |
| 6:07 | Build | Palisade Wall |
| 6:21 | Create | Villager (Male) |
| 6:22 | Create | Villager (Male) |
| 6:22 | Create | Villager (Male) |
| 6:22 | Create | Villager (Male) |
| 7:00 | Build | Mill |
| 7:27 | Build | House |
| 7:28 | Build | House |
| 7:30 | Build | House |
| 7:55 | Create | Villager (Male) |
| 7:55 | Create | Villager (Male) |
| 7:55 | Create | Villager (Male) |
| 8:22 | Create | Villager (Male) |
| 8:22 | Create | Villager (Male) |
| 8:25 | Create | Villager (Male) |
| 8:26 | Create | Villager (Male) |
| 9:07 | Build | Dock |
| 9:14 | Create | Villager (Male) |
| 9:53 | Build | Mining Camp |
| 10:34 | Research | Feudal Age |
| 10:34 | Research | Feudal Age |
| 10:53 | Create | Fishing Ship |
| 10:53 | Create | Fishing Ship |
| 11:42 | Build | Barracks |
| 11:51 | Create | Villager (Male) |
| 11:51 | Create | Villager (Male) |
| 11:51 | Create | Villager (Male) |
| 12:17 | Create | Fishing Ship |
| 13:00 | Age | Feudal Age |
| 13:13 | Build | Archery Range |
| 13:22 | Research | Double-Bit Axe |
| 13:22 | Research | Double-Bit Axe |
| 13:23 | Research | Double-Bit Axe |
| 13:31 | Create | Villager (Male) |
| 13:54 | Create | Fishing Ship |
| 14:09 | Create | Archer |
| 14:09 | Create | Archer |
| 14:21 | Create | Villager (Male) |
| 14:21 | Create | Villager (Male) |
| 14:32 | Build | Blacksmith |
| 14:42 | Research | Tech 906 |
| 15:18 | Create | Villager (Male) |
| 15:18 | Create | Villager (Male) |
| 15:23 | Build | House |
| 15:24 | Build | House |
| 15:25 | Build | House |
| 15:29 | Create | Fishing Ship |
| 15:30 | Create | Fishing Ship |
| 15:43 | Research | Horse Collar |
| 16:27 | Build | Mining Camp |
| 16:30 | Create | Villager (Male) |
| 16:44 | Build | Farm |
| 16:44 | Build | Farm |
| 16:44 | Build | Farm |
| 16:44 | Build | Farm |
| 16:45 | Build | Farm |
| 16:45 | Build | Farm |
| 16:46 | Build | Farm |
| 16:46 | Build | Farm |
| 17:14 | Build | Farm |
| 17:30 | Build | Fish Trap |
| 17:39 | Build | Fish Trap |
| 17:41 | Build | Fish Trap |
| 17:45 | Build | Fish Trap |
| 17:51 | Research | Castle Age |
| 17:51 | Research | Castle Age |
| 18:08 | Build | Fish Trap |
| 18:09 | Build | Fish Trap |
| 19:46 | Build | Fish Trap |
| 20:01 | Build | Stone Wall |
| 20:07 | Create | Villager (Male) |
| 20:07 | Create | Villager (Male) |
| 20:08 | Create | Villager (Male) |
| 20:28 | Create | Fishing Ship |
| 20:28 | Create | Fishing Ship |
| 20:28 | Create | Fishing Ship |
| 20:29 | Create | Fishing Ship |
| 20:29 | Create | Fishing Ship |
| 20:31 | Age | Castle Age |
| 20:43 | Build | Town Center |
| 21:15 | Build | Fish Trap |
| 21:24 | Create | Villager (Male) |
| 21:24 | Create | Villager (Male) |
| 21:24 | Create | Villager (Male) |
| 21:38 | Build | University |
| 21:43 | Build | Monastery |
| 21:48 | Create | Villager (Male) |
| 21:48 | Create | Villager (Male) |
| 22:41 | Build | Fish Trap |
| 22:47 | Build | Fish Trap |
| 22:56 | Build | Stone Wall |
| 23:01 | Create | Villager (Male) |
| 23:01 | Create | Villager (Male) |
| 23:01 | Create | Villager (Male) |
| 23:16 | Build | Town Center |
| 23:19 | Create | Villager (Male) |
| 23:19 | Create | Villager (Male) |
| 23:27 | Research | Chemistry |
| 23:27 | Research | Ballistics |
| 23:38 | Create | Monk |
| 23:54 | Build | Siege Workshop |
| 24:00 | Create | Villager (Male) |
| 24:00 | Create | Villager (Male) |
| 24:01 | Create | Villager (Male) |
| 24:01 | Create | Villager (Male) |
| 24:01 | Create | Villager (Male) |
| 24:08 | Create | Villager (Male) |
| 24:13 | Create | Fishing Ship |
| 24:14 | Create | Fishing Ship |
| 24:26 | Create | Monk |
| 24:32 | Build | House |
| 24:32 | Build | House |
| 24:32 | Build | House |
| 24:33 | Build | House |
| 24:33 | Build | House |
| 24:46 | Create | Hand Cannoneer |
| 24:46 | Create | Hand Cannoneer |
| 24:47 | Create | Hand Cannoneer |
| 24:47 | Create | Hand Cannoneer |
| 24:57 | Build | Fish Trap |
| 25:01 | Build | Fish Trap |
| 25:13 | Build | House |
| 25:13 | Build | House |
| 25:21 | Create | Villager (Male) |
Match timeline
| 0:43 | MENTOR VI · wall_segment Palisade Wall x2 |
| 0:53 | MENTOR VI · wall_segment Palisade Wall x28 |
| 2:14 | MENTOR VI · wall_segment Palisade Wall x9 |
| 2:22 | GuilleLeopold17 · wall_segment Palisade Wall x10 |
| 2:53 | MENTOR VI · wall_segment Palisade Wall x8 |
| 3:23 | GuilleLeopold17 · wall_segment Palisade Wall x10 |
| 3:42 | tatomagallanes · wall_segment Palisade Wall x11 |
| 5:30 | retroesam · wall_segment Palisade Wall x8 |
| 6:07 | GuilleLeopold17 · wall_segment Palisade Wall x16 |
| 9:07 | GuilleLeopold17 · first_building Dock |
| 10:28 | felipegarcia92 · first_building Barracks |
| 10:32 | retroesam · first_building Barracks |
| 10:46 | A Delicious Pot Roast · first_building Dock |
| 10:50 | vitavidal91 · first_building Dock |
| 11:42 | GuilleLeopold17 · first_building Barracks |
| 12:03 | vitavidal91 · age_up feudal |
| 12:12 | felipegarcia92 · age_up feudal |
| 12:19 | retroesam · first_building Dock |
| 12:32 | felipegarcia92 · first_building Stable |
| 12:53 | retroesam · age_up feudal |
| 13:00 | GuilleLeopold17 · age_up feudal |
| 13:13 | GuilleLeopold17 · first_building Archery Range |
| 13:29 | ★秧★FISHY · age_up feudal |
| 13:33 | tatomagallanes · first_building Barracks |
| 13:36 | tatomagallanes · age_up feudal |
| 13:38 | MENTOR VI · first_building Dock |
| 14:12 | MENTOR VI · first_building Barracks |
| 14:21 | tatomagallanes · first_building Stable |
| 15:20 | MENTOR VI · wall_segment Palisade Wall x12 |
| 15:54 | felipegarcia92 · wall_segment Stone Wall x1 |
| 15:56 | felipegarcia92 · wall_segment Stone Wall x10 |
| 15:57 | tatomagallanes · first_building Dock |
| 17:06 | MENTOR VI · age_up feudal |
| 17:11 | A Delicious Pot Roast · age_up feudal |
| 17:21 | MENTOR VI · wall_segment Stone Wall x8 |
| 17:25 | retroesam · first_market_buy 100 stone |
| 17:35 | felipegarcia92 · age_up castle |
| 17:43 | tatomagallanes · age_up castle |
| 17:44 | MENTOR VI · wall_segment Stone Wall x11 |
| 18:12 | retroesam · age_up castle |
| 18:19 | retroesam · first_building Castle |
| 19:35 | MENTOR VI · first_building Archery Range |
| 19:48 | vitavidal91 · wall_segment Stone Wall x4 |
| 19:54 | felipegarcia92 · first_building Archery Range |
| 19:56 | MENTOR VI · first_building Stable |
| 20:00 | vitavidal91 · wall_segment Stone Wall x1 |
| 20:01 | GuilleLeopold17 · wall_segment Stone Wall x10 |
| 20:04 | MENTOR VI · wall_segment Stone Wall x1 |
| 20:08 | ★秧★FISHY · age_up castle |
| 20:10 | vitavidal91 · wall_segment Stone Wall x2 |
| 20:16 | vitavidal91 · wall_segment Stone Wall x9 |
| 20:31 | GuilleLeopold17 · age_up castle |
| 21:09 | A Delicious Pot Roast · age_up castle |
| 21:18 | retroesam · first_building Stable |
| 21:41 | vitavidal91 · age_up castle |
| 21:43 | GuilleLeopold17 · first_building Monastery |
| 21:57 | A Delicious Pot Roast · first_market_buy 100 wood |
| 22:07 | A Delicious Pot Roast · first_building Monastery |
| 22:56 | GuilleLeopold17 · wall_segment Stone Wall x10 |
| 23:25 | felipegarcia92 · first_building Castle |
| 23:54 | GuilleLeopold17 · first_building Siege Workshop |
| 24:00 | MENTOR VI · age_up castle |
| 24:22 | A Delicious Pot Roast · first_building Castle |
| 25:12 | vitavidal91 · wall_segment Stone Wall x10 |
| 25:19 | MENTOR VI · first_building Monastery |
| 25:22 | vitavidal91 · first_building Monastery |
| 25:41 | A Delicious Pot Roast · first_building Barracks |
| 25:42 | GuilleLeopold17 · first_building Castle |
| 26:00 | retroesam · first_market_sell 100 wood |
| 26:38 | retroesam · wall_segment Stone Wall x7 |
| 26:41 | vitavidal91 · wall_segment Stone Wall x1 |
| 27:01 | felipegarcia92 · first_building Dock |
| 27:54 | vitavidal91 · first_building Castle |
| 28:28 | tatomagallanes · first_building Siege Workshop |
| 29:17 | A Delicious Pot Roast · first_building Archery Range |
| 29:32 | retroesam · wall_segment Stone Wall x6 |
| 29:57 | MENTOR VI · first_market_buy 100 food |
| 30:00 | MENTOR VI · first_market_sell 500 wood |
| 30:07 | retroesam · first_building Monastery |
| 30:58 | ★秧★FISHY · first_building Castle |
| 31:07 | A Delicious Pot Roast · first_building Siege Workshop |
| 31:12 | MENTOR VI · wall_segment Stone Wall x8 |
| 31:18 | retroesam · first_building Siege Workshop |
| 31:25 | retroesam · wall_segment Stone Wall x5 |
| 31:29 | MENTOR VI · wall_segment Stone Wall x6 |
| 31:30 | retroesam · age_up imperial |
| 32:37 | GuilleLeopold17 · age_up imperial |
| 33:18 | MENTOR VI · wall_segment Stone Wall x10 |
| 34:27 | MENTOR VI · wall_segment Stone Wall x7 |
| 34:32 | ★秧★FISHY · first_building Stable |
| 34:44 | tatomagallanes · first_building Castle |
| 35:09 | A Delicious Pot Roast · age_up imperial |
| 35:12 | ★秧★FISHY · age_up imperial |
| 35:40 | felipegarcia92 · age_up imperial |
| 36:19 | MENTOR VI · wall_segment Stone Wall x1 |
| 36:50 | vitavidal91 · age_up imperial |
| 36:58 | MENTOR VI · first_building Castle |
| 37:49 | retroesam · first_building Archery Range |
| 38:06 | MENTOR VI · wall_segment Palisade Wall x3 |
| 38:09 | vitavidal91 · first_market_sell 100 wood |
| 38:28 | MENTOR VI · first_building Siege Workshop |
| 40:28 | ★秧★FISHY · wall_segment Stone Wall x46 |
| 41:15 | MENTOR VI · wall_segment Stone Wall x12 |
| 41:28 | MENTOR VI · wall_segment Stone Wall x11 |
| 41:43 | tatomagallanes · age_up imperial |
| 42:20 | MENTOR VI · wall_segment Stone Wall x3 |
| 43:17 | MENTOR VI · age_up imperial |
| 47:02 | A Delicious Pot Roast · wall_segment Stone Wall x14 |
| 50:21 | ★秧★FISHY · resign |
| 52:20 | A Delicious Pot Roast · wall_segment Stone Wall x18 |
| 54:41 | A Delicious Pot Roast · wall_segment Stone Wall x15 |
| 57:32 | A Delicious Pot Roast · wall_segment Stone Wall x13 |
[ AI ANALYSIS · 1 CREDIT ]
What really happened in this match?
Wolo.gg analyzes every decision: build order, eco, micro, common mistakes by bracket. Personalized analysis on WhatsApp or Discord in 30 seconds.
Civ guide
Malians
Perfil
Jugador #2549294